[Event "Turkish Cup 2024"]
[Site "Denizli"]
[Date "2024.08.04"]
[Round "8"]
[White "Dirikolu, Deniz"]
[Black "Adiguzel, Hakan"]
[Result "1/2-1/2"]
[ECO "B40"]
[WhiteElo "1911"]
[BlackElo "1821"]
[Annotator "RC"]
[PlyCount "31"]
[EventDate "2024.08.01"]
[EventType "swiss"]
[EventCountry "TUR"]
[SourceTitle "playchess.com"]
[Source "ChessBase"]
[SourceQuality "1"]
[TimeControl "5400+30"]

1. e4 c5 2. Nf3 e6 3. b3 Nc6 4. Bb2 Nf6 5. e5 Nd5 6. c4 Nde7 7. Qe2 Nf5 8. Nc3 d6 9. Qe4 Nfd4 10. Nb5 d5 11. cxd5 exd5 12. Qf4 Nc2+ 13. Kd1 Nxa1 14. e6 Bxe6 15. Nc7+ Kd7 16. Nxa8 1/2-1/2

[Event "Turkish Cup 2024"]
[Site "Denizli"]
[Date "2024.08.04"]
[Round "8"]
[White "Kilic, Ihsan"]
[Black "Gulbas, Isa"]
[Result "1-0"]
[ECO "A46"]
[WhiteElo "1911"]
[BlackElo "1749"]
[Annotator "RC"]
[PlyCount "79"]
[EventDate "2024.08.01"]
[EventType "swiss"]
[EventCountry "TUR"]
[SourceTitle "playchess.com"]
[Source "ChessBase"]
[SourceQuality "1"]
[TimeControl "5400+30"]

1. d4 Nf6 2. Nf3 e6 3. g3 b5 4. Bg2 Bb7 5. O-O Be7 6. b3 c5 7. Bb2 O-O 8. Nbd2 Qc7 9. c4 b4 10. Qc2 cxd4 11. Bxd4 Nc6 12. Bb2 e5 13. Nxe5 Nxe5 14. Bxe5 Qxe5 15. Bxb7 Rad8 16. Bg2 d5 17. cxd5 Nxd5 18. Bxd5 Rxd5 19. Nc4 Qh5 20. Rad1 Rfd8 21. Rxd5 Rxd5 22. e4 Rg5 23. Ne3 Rc5 24. Qd2 a5 25. Qd7 Bf8 26. Rd1 Qe5 27. Qb7 g6 28. Qa8 Kg7 29. Rd8 Qe7 30. Nc4 a4 31. Re8 Rxc4 32. bxc4 Qc5 33. Qd5 Qb6 34. Qe5+ f6 35. Qb8 Qc5 36. Rc8 Qd6 37. Qb7+ Kh6 38. Rc7 b3 39. Rxh7+ Kg5 40. f4+ 1-0

[Event "Turkish Cup 2024"]
[Site "Denizli"]
[Date "2024.08.04"]
[Round "8"]
[White "Topal, Hasan Gokmen"]
[Black "Ozdemir, Serhan Berat"]
[Result "1-0"]
[ECO "B23"]
[WhiteElo "1905"]
[BlackElo "2194"]
[Annotator "RC"]
[PlyCount "99"]
[EventDate "2024.08.01"]
[EventType "swiss"]
[EventCountry "TUR"]
[SourceTitle "playchess.com"]
[Source "ChessBase"]
[SourceQuality "1"]
[TimeControl "5400+30"]

1. e4 c5 2. Nc3 a6 3. g3 b5 4. Bg2 Bb7 5. Nge2 Nf6 6. Nd5 h5 7. h4 Nc6 8. Nxf6+ gxf6 9. Nf4 Qa5 10. O-O O-O-O 11. c3 Bh6 12. Nd5 e6 13. Nxf6 Bg7 14. Nxh5 Be5 15. d3 b4 16. Bf4 f6 17. Bxe5 fxe5 18. Nf6 bxc3 19. bxc3 Qxc3 20. Qb3 Qxb3 21. axb3 Nd4 22. Rfb1 Rdf8 23. Ng4 Kb8 24. Nxe5 Rh7 25. Ra2 d6 26. Nc4 Nb5 27. Rc1 Rd8 28. Ne3 Ka7 29. Kh2 Nd4 30. Rb2 Bc6 31. Nc2 Ne2 32. Nb4 cxb4 33. Rxe2 Kb6 34. Rec2 Be8 35. f4 a5 36. Ra1 e5 37. f5 Bf7 38. Rb1 Rg7 39. Bf3 Rh7 40. Kh3 Rdh8 41. Bd1 d5 42. Rbc1 Rh6 43. Rc7 Be8 44. Re7 Rc6 45. Rxc6+ Bxc6 46. Rxe5 Kc5 47. Re6 Rd8 48. d4+ Kb6 49. exd5 Rxd5 50. Bf3 1-0

[Event "Turkish Cup 2024"]
[Site "Denizli"]
[Date "2024.08.04"]
[Round "8"]
[White "Konusoglu, Kemal Safa"]
[Black "Akkaya, Atakan"]
[Result "1-0"]
[ECO "B26"]
[WhiteElo "1904"]
[BlackElo "1971"]
[Annotator "RC"]
[PlyCount "109"]
[EventDate "2024.08.01"]
[EventType "swiss"]
[EventCountry "TUR"]
[SourceTitle "playchess.com"]
[Source "ChessBase"]
[SourceQuality "1"]
[TimeControl "5400+30"]

1. e4 c5 2. Nc3 e6 3. g3 Nc6 4. Bg2 g6 5. d3 Bg7 6. Be3 d6 7. Qd2 Rb8 8. Nge2 b6 9. O-O Nge7 10. Bh6 O-O 11. Bxg7 Kxg7 12. d4 Ba6 13. Rfe1 e5 14. dxe5 dxe5 15. Nd5 Bxe2 16. Qxe2 Nd4 17. Qd1 Nxd5 18. exd5 Re8 19. Qd2 f5 20. Rad1 e4 21. c3 Nb5 22. f3 Nd6 23. Re2 exf3 24. Rxe8 Qxe8 25. Bxf3 Qd7 26. b4 Re8 27. bxc5 bxc5 28. Re1 Nc4 29. Qd1 Re7 30. Kf2 Qe8 31. Rxe7+ Qxe7 32. Qd3 Ne5 33. Qe2 Qd6 34. h3 Nf7 35. Qb5 Ng5 36. Qb7+ Kf6 37. h4 Nf7 38. Qxa7 Ne5 39. Qb7 Nd3+ 40. Ke3 Ne5 41. a4 Nc4+ 42. Kf2 Qe7 43. Qa6+ Nd6 44. Qc6 f4 45. gxf4 Kf5 46. Kg2 Nc4 47. Qc8+ Kf6 48. Qa6+ Nd6 49. a5 Kf5 50. Qe2 Qxe2+ 51. Bxe2 Nc8 52. a6 Kf6 53. Bg4 Na7 54. Kf3 Nb5 55. d6 1-0

[Event "Turkish Cup 2024"]
[Site "Denizli"]
[Date "2024.08.04"]
[Round "8"]
[White "Cakir, Ege"]
[Black "Herdem, Talha"]
[Result "1-0"]
[ECO "A46"]
[WhiteElo "1889"]
[BlackElo "1911"]
[Annotator "RC"]
[PlyCount "89"]
[EventDate "2024.08.01"]
[EventType "swiss"]
[EventCountry "TUR"]
[SourceTitle "playchess.com"]
[Source "ChessBase"]
[SourceQuality "1"]
[TimeControl "5400+30"]

1. d4 Nf6 2. Nf3 e6 3. Bg5 c5 4. Bxf6 Qxf6 5. e3 Nc6 6. c3 d5 7. Nbd2 Bd6 8. Bd3 O-O 9. O-O e5 10. e4 Be6 11. dxe5 Bxe5 12. exd5 Bxd5 13. Qc2 Qh6 14. Rfe1 Bc7 15. Be4 Rad8 16. Rad1 Be6 17. Bxc6 bxc6 18. Nf1 Bd5 19. N3d2 c4 20. b3 cxb3 21. axb3 c5 22. c4 Bc6 23. Nb1 Qg5 24. Ng3 f5 25. Rxd8 Bxd8 26. Re5 Bc7 27. Rxc5 Bxg3 28. Rxc6 Re8 29. Qd2 Rd8 30. Qe1 Bxh2+ 31. Kf1 Qh5 32. Nc3 Bb8 33. Qe6+ Qf7 34. Nd5 Re8 35. Qxf7+ Kxf7 36. b4 Re6 37. Rc8 Re8 38. Rc5 g5 39. Rb5 Rd8 40. Rb7+ Kg6 41. Ne7+ Kf6 42. Nc6 Rd1+ 43. Ke2 Rc1 44. Nxb8 Rxc4 45. Nd7+ 1-0

[Event "Turkish Cup 2024"]
[Site "Denizli"]
[Date "2024.08.04"]
[Round "8"]
[White "Demirci, Fatih"]
[Black "Citil, Feyzullah"]
[Result "1-0"]
[ECO "C02"]
[WhiteElo "1885"]
[BlackElo "1720"]
[Annotator "NA COMBH"]
[PlyCount "95"]
[EventDate "2024.08.01"]
[EventType "swiss"]
[EventCountry "TUR"]
[SourceTitle "playchess.com"]
[Source "ChessBase"]
[SourceQuality "1"]
[TimeControl "5400+30"]

1. e4 c6 2. d4 d5 3. f3 e6 4. e5 c5 5. c3 cxd4 6. cxd4 Nc6 7. f4 Qb6 8. Nf3 Nh6 9. Bd3 Bd7 10. Bc2 Nb4 11. Nc3 Nxc2+ 12. Qxc2 Nf5 13. Qd3 Bb4 14. a4 Rc8 15. O-O Qa5 16. Bd2 Rc4 17. Kh1 Qc7 18. Rfc1 Bxc3 19. Rxc3 Rxc3 20. Bxc3 O-O 21. g4 Ne7 22. Bb4 Re8 23. Bxe7 Rxe7 24. Ng5 f5 25. gxf5 exf5 26. Kg2 Qb6 27. b3 h6 28. Nf3 Re6 29. Kf2 Rc6 30. Re1 Qb4 31. Re3 Be6 32. Qd2 Qe7 33. Rc3 Rxc3 34. Qxc3 g5 35. Qc5 Qxc5 36. dxc5 gxf4 37. Nd4 Bf7 38. Kf3 Bh5+ 39. Kxf4 Kf7 40. Kxf5 Bg6+ 41. Kf4 a6 42. b4 Ke7 43. Ke3 Be8 44. Nf5+ Kf8 45. Kd4 Bxa4 46. Kxd5 Kf7 47. Nxh6+ Kg6 48. Ng4 1-0

[Event "Turkish Cup 2024"]
[Site "Denizli"]
[Date "2024.08.04"]
[Round "8"]
[White "Eroglu, Berke"]
[Black "Avsar, Gediz"]
[Result "1/2-1/2"]
[ECO "A08"]
[WhiteElo "1873"]
[BlackElo "1880"]
[Annotator "NA RC"]
[PlyCount "44"]
[EventDate "2024.08.01"]
[EventType "swiss"]
[EventCountry "TUR"]
[SourceTitle "playchess.com"]
[Source "ChessBase"]
[SourceQuality "1"]
[TimeControl "5400+30"]

1. e4 c5 2. d3 Nc6 3. g3 d5 4. Nd2 Nf6 5. Bg2 e5 6. Ngf3 Be7 7. O-O O-O 8. exd5 Nxd5 9. Re1 f6 10. Nc4 Be6 11. Nh4 Qd7 12. Ne3 Nxe3 13. Bxe3 Rad8 14. Nf3 Rfe8 15. Nd2 Nd4 16. Nb3 Bd5 17. Bxd5+ Qxd5 18. Bxd4 cxd4 19. Qg4 g6 20. Qe4 Bb4 21. Qxd5+ Rxd5 22. Re2 Rc8 1/2-1/2

[Event "Turkish Cup 2024"]
[Site "Denizli"]
[Date "2024.08.04"]
[Round "8"]
[White "Kilic, Cihan"]
[Black "Karaca, Yigit"]
[Result "0-1"]
[ECO "D52"]
[WhiteElo "1869"]
[BlackElo "1879"]
[Annotator "NA RC"]
[PlyCount "64"]
[EventDate "2024.08.01"]
[EventType "swiss"]
[EventCountry "TUR"]
[SourceTitle "playchess.com"]
[Source "ChessBase"]
[SourceQuality "1"]
[TimeControl "5400+30"]

1. d4 d5 2. Nf3 Nf6 3. c4 e6 4. Nc3 Nbd7 5. Bg5 c6 6. e3 Qa5 7. Qc2 Bb4 8. Bxf6 Nxf6 9. Bd3 dxc4 10. Bxc4 O-O 11. O-O Bd6 12. e4 e5 13. dxe5 Bxe5 14. b4 Qc7 15. Rae1 a5 16. b5 Bxc3 17. b6 Qxb6 18. Qxc3 Qb4 19. Qc2 Qe7 20. Nd4 Rd8 21. e5 Nd5 22. Qe4 Be6 23. Bd3 g6 24. Kh1 Nc3 25. Qf4 Qd7 26. Nxe6 fxe6 27. Re3 Nd5 28. Qg4 Nxe3 29. fxe3 Rf8 30. Rd1 Qxd3 31. Qxe6+ Kh8 32. Rg1 Rae8 0-1

[Event "Turkish Cup 2024"]
[Site "Denizli"]
[Date "2024.08.04"]
[Round "8"]
[White "Koseoglu, Omer Umut"]
[Black "Sezis, Doruk"]
[Result "0-1"]
[ECO "B23"]
[WhiteElo "1841"]
[BlackElo "1932"]
[Annotator "RC"]
[PlyCount "71"]
[EventDate "2024.08.01"]
[EventType "swiss"]
[EventCountry "TUR"]
[SourceTitle "playchess.com"]
[Source "ChessBase"]
[SourceQuality "1"]
[TimeControl "5400+30"]

1. e4 c5 2. Nc3 Nc6 3. Bb5 g6 4. Bxc6 dxc6 5. Nf3 Bg7 6. O-O e5 7. h3 Qd6 8. d3 Nf6 9. a4 O-O 10. a5 Nd7 11. Ra4 Re8 12. Be3 Nf8 13. Qa1 Ne6 14. Qa3 Rb8 15. b4 cxb4 16. Qxb4 c5 17. Qb3 Nd4 18. Bxd4 exd4 19. Nb1 Be6 20. Qb2 b5 21. axb6 axb6 22. Nbd2 b5 23. Ra7 h6 24. Qa3 Red8 25. e5 Qd5 26. Rc7 Rbc8 27. Rxc8 Rxc8 28. Qa5 Bd7 29. Re1 f6 30. exf6 Bxf6 31. Ne4 Bg7 32. Qa6 Qc6 33. Ra1 c4 34. Qxc6 Bxc6 35. Nfd2 c3 36. Nb3 0-1

[Event "Turkish Cup 2024"]
[Site "Denizli"]
[Date "2024.08.04"]
[Round "8"]
[White "Sibli, Murat Yigit"]
[Black "Gunal, Yusuf Kursat"]
[Result "0-1"]
[ECO "B22"]
[WhiteElo "1836"]
[BlackElo "1773"]
[Annotator "NA RC"]
[PlyCount "72"]
[EventDate "2024.08.01"]
[EventType "swiss"]
[EventCountry "TUR"]
[SourceTitle "playchess.com"]
[Source "ChessBase"]
[SourceQuality "1"]
[TimeControl "5400+30"]

1. e4 c5 2. c3 Nf6 3. e5 Nd5 4. Nf3 e6 5. d4 cxd4 6. cxd4 d6 7. exd6 Bxd6 8. Nc3 Nxc3 9. bxc3 Nd7 10. Bd3 O-O 11. O-O Qc7 12. c4 b6 13. h3 Bb7 14. Bb2 h6 15. Re1 Rfe8 16. Rc1 e5 17. d5 Nc5 18. Bb1 Rad8 19. Nh4 Bc8 20. Bf5 Qe7 21. Qg4 Qg5 22. Rcd1 Ba6 23. Rc1 Qxg4 24. Bxg4 Nd3 25. Bc3 Nxc1 26. Rxc1 Bxc4 27. Nf5 Bxa2 28. Ra1 Bxd5 29. Rxa7 Bc5 30. Rc7 Be6 31. Kf1 h5 32. Bxh5 g6 33. Bxg6 fxg6 34. Nh6+ Kf8 35. f4 Bc4+ 36. Ke1 exf4+ 0-1

[Event "Turkish Cup 2024"]
[Site "Denizli"]
[Date "2024.08.04"]
[Round "8"]
[White "Bilir, Ibrahim"]
[Black "Yasin, Hur"]
[Result "0-1"]
[ECO "C01"]
[WhiteElo "1830"]
[BlackElo "1879"]
[Annotator "NA COMBH"]
[PlyCount "88"]
[EventDate "2024.08.01"]
[EventType "swiss"]
[EventCountry "TUR"]
[SourceTitle "playchess.com"]
[Source "ChessBase"]
[SourceQuality "1"]
[TimeControl "5400+30"]

1. e4 e6 2. d4 d5 3. Nc3 Bb4 4. exd5 exd5 5. Bd3 Nf6 6. Nge2 Bg4 7. O-O O-O 8. Bg5 c6 9. f3 Bh5 10. Nf4 Bg6 11. Nxg6 hxg6 12. f4 Qb6 13. Bxf6 gxf6 14. Ne2 Bd6 15. c3 Qc7 16. Bc2 Kg7 17. Qd3 Rh8 18. Rae1 Nd7 19. g3 f5 20. c4 dxc4 21. Qxc4 Nf6 22. Nc3 Rae8 23. Qd3 Ng4 24. Rxe8 Rxe8 25. Nd1 Rh8 26. h4 Re8 27. Qd2 c5 28. d5 c4 29. Rf3 Qb6+ 30. Kg2 Bb4 31. Nc3 Ne3+ 32. Kh2 Qc5 33. Ba4 b5 34. Bxb5 Ng4+ 35. Kg2 Re3 36. Rxe3 Nxe3+ 37. Kf3 Ng4 38. a4 Qg1 39. Ke2 Qf2+ 40. Kd1 Ne3+ 41. Kc1 Qf1+ 42. Qd1 Nxd1 43. Nxd1 Qd3 44. Nc3 Bxc3 0-1

[Event "Turkish Cup 2024"]
[Site "Denizli"]
[Date "2024.08.04"]
[Round "8"]
[White "Sadik, Muhammed Selim"]
[Black "Yuksel, Davut Can"]
[Result "0-1"]
[ECO "A52"]
[WhiteElo "1798"]
[BlackElo "1882"]
[Annotator "NA RC"]
[PlyCount "62"]
[EventDate "2024.08.01"]
[EventType "swiss"]
[EventCountry "TUR"]
[SourceTitle "playchess.com"]
[Source "ChessBase"]
[SourceQuality "1"]
[TimeControl "5400+30"]

1. d4 Nf6 2. c4 e5 3. dxe5 Ng4 4. e3 Nxe5 5. f4 Nec6 6. Nf3 Bb4+ 7. Bd2 Bxd2+ 8. Qxd2 d6 9. Bd3 Nd7 10. O-O Nc5 11. Bc2 a5 12. Nc3 O-O 13. Rad1 h6 14. h3 Be6 15. Nd5 Nb4 16. Nxb4 axb4 17. b3 f5 18. Bb1 Na6 19. Nd4 Qf6 20. e4 fxe4 21. Bxe4 Nc5 22. Bb1 Bf7 23. Qxb4 Bg6 24. f5 Bh5 25. Rd2 Rae8 26. Nb5 Re3 27. Nxc7 Qg5 28. Kh1 Be2 29. Re1 Qf4 30. Rb2 Rxh3+ 31. Kg1 Qe3# 0-1

[Event "Turkish Cup 2024"]
[Site "Denizli"]
[Date "2024.08.04"]
[Round "8"]
[White "Saricam, Ege"]
[Black "Atis, Hasan"]
[Result "1-0"]
[ECO "B33"]
[WhiteElo "1794"]
[BlackElo "2080"]
[Annotator "RC"]
[PlyCount "123"]
[EventDate "2024.08.01"]
[EventType "swiss"]
[EventCountry "TUR"]
[SourceTitle "playchess.com"]
[Source "ChessBase"]
[SourceQuality "1"]
[TimeControl "5400+30"]

1. e4 c5 2. Nf3 Nc6 3. d4 cxd4 4. Nxd4 Nf6 5. Nxc6 bxc6 6. Bd3 e5 7. O-O Be7 8. Qf3 O-O 9. Re1 d6 10. c4 Bg4 11. Qg3 Be6 12. Nc3 Qc8 13. h3 Nh5 14. Qf3 g6 15. Bh6 Ng7 16. Qg3 f6 17. Rad1 Rd8 18. b4 a6 19. a4 Bf7 20. Rc1 Nh5 21. Qf3 g5 22. Ne2 Kh8 23. Bxg5 Rg8 24. Be3 Qd8 25. b5 axb5 26. cxb5 d5 27. bxc6 d4 28. Bc4 Qe8 29. Bh6 Rxa4 30. Bxf7 Qxf7 31. Qf5 Bd6 32. Kh1 Ra2 33. Nxd4 exd4 34. e5 Ra5 35. e6 Qc7 36. Qf3 Be7 37. Bd2 Ra2 38. Re2 d3 39. Bf4 Nxf4 40. Rxa2 Rd8 41. Qe3 Qd6 42. c7 Rc8 43. Ra4 Nxg2 44. Kxg2 d2 45. Rd1 Qc6+ 46. Qe4 Rg8+ 47. Kh1 Qxc7 48. Rd4 Qa5 49. R4xd2 Qh5 50. Rd3 Rg5 51. Qf3 Qh4 52. Rd8+ Bxd8 53. Rxd8+ Kg7 54. e7 Qc4 55. Rd1 Qe6 56. Rb1 Kh6 57. h4 Rg8 58. Qf4+ Kg7 59. Rg1+ Kf7 60. Rxg8 Kxg8 61. Qb8+ Kg7 62. Qf8+ 1-0

[Event "Turkish Cup 2024"]
[Site "Denizli"]
[Date "2024.08.04"]
[Round "8"]
[White "Tufan, Kerem"]
[Black "Saygin, Nurettin"]
[Result "0-1"]
[ECO "B52"]
[WhiteElo "1783"]
[BlackElo "1937"]
[Annotator "RC"]
[PlyCount "136"]
[EventDate "2024.08.01"]
[EventType "swiss"]
[EventCountry "TUR"]
[SourceTitle "playchess.com"]
[Source "ChessBase"]
[SourceQuality "1"]
[TimeControl "5400+30"]

1. e4 c5 2. Nf3 d6 3. Bb5+ Bd7 4. Bxd7+ Nxd7 5. O-O Ngf6 6. Re1 e6 7. d4 cxd4 8. Qxd4 Be7 9. c4 O-O 10. Nc3 a6 11. b3 Rc8 12. Bb2 Qa5 13. Rad1 Rfd8 14. h3 h6 15. Kh1 Nf8 16. Qd2 Qc7 17. Nd4 Ng6 18. f4 d5 19. e5 Nh5 20. cxd5 exd5 21. Nce2 Bh4 22. Rf1 Ng3+ 23. Nxg3 Bxg3 24. Nf5 Bxf4 25. Rxf4 Nxf4 26. Qxf4 Qc2 27. Rc1 Qe4 28. Qxe4 Rxc1+ 29. Bxc1 dxe4 30. Nd6 f6 31. Bb2 fxe5 32. Bxe5 e3 33. Kg1 Rf8 34. Nxb7 e2 35. Bg3 Rf1+ 36. Kh2 e1=Q 37. Bxe1 Rxe1 38. Nc5 a5 39. a3 Re5 40. b4 axb4 41. axb4 Re3 42. Kg1 Kf7 43. Kf2 Ra3 44. Ke2 Ke7 45. Nd3 Ra2+ 46. Kf3 Rd2 47. Nf4 g5 48. Ne2 Rb2 49. Nd4 Kf6 50. Nc6 Ke6 51. Nd4+ Kd5 52. Nf5 h5 53. Ng7 Rb3+ 54. Kf2 h4 55. Nf5 Ke4 56. Nd6+ Kf4 57. b5 Rb2+ 58. Kf1 Kg3 59. Ne4+ Kf4 60. Nd6 Rd2 61. Nc8 Kg3 62. b6 Rb2 63. Nd6 Rxb6 64. Ne4+ Kf4 65. Nf2 Ra6 66. Nd3+ Ke3 67. Ne1 Ra1 68. g3 hxg3 0-1

[Event "Turkish Cup 2024"]
[Site "Denizli"]
[Date "2024.08.04"]
[Round "8"]
[White "Tutmaz, Bugra Hamza"]
[Black "Sevig, Mert Can"]
[Result "0-1"]
[ECO "A48"]
[WhiteElo "1761"]
[BlackElo "1818"]
[Annotator "NA COMBH"]
[PlyCount "84"]
[EventDate "2024.08.01"]
[EventType "swiss"]
[EventCountry "TUR"]
[SourceTitle "playchess.com"]
[Source "ChessBase"]
[SourceQuality "1"]
[TimeControl "5400+30"]

1. d4 Nf6 2. Nf3 g6 3. Bf4 Bg7 4. e3 O-O 5. Be2 d6 6. h3 Nbd7 7. O-O b6 8. Nbd2 Bb7 9. Bh2 Ne4 10. Ne1 Nxd2 11. Qxd2 e5 12. Nf3 Qe7 13. Rfd1 Rae8 14. c3 e4 15. Ne1 f5 16. c4 g5 17. b4 c5 18. Nc2 cxd4 19. Nxd4 f4 20. Rab1 Ne5 21. Nb5 Nd3 22. Bxd3 exd3 23. exf4 Qe4 24. f3 Qxc4 25. Na3 Qd4+ 26. Kh1 Re2 27. Qxe2 dxe2 28. Rxd4 Bxd4 29. Nc2 Bf2 30. Bg1 Bg3 31. Bh2 gxf4 32. Bxg3 fxg3 33. Nd4 Be4 34. Re1 Bd3 35. Kg1 Rc8 36. f4 Rc4 37. Nb3 Rxf4 38. Nd2 Rf2 39. Rc1 Kf7 40. a4 Ke6 41. a5 bxa5 42. bxa5 Kf5 0-1

[Event "Turkish Cup 2024"]
[Site "Denizli"]
[Date "2024.08.04"]
[Round "8"]
[White "Dulger, Batuhan Ihsan"]
[Black "Var, Sefa"]
[Result "1/2-1/2"]
[ECO "B90"]
[WhiteElo "1667"]
[BlackElo "1841"]
[Annotator "NA COMBH"]
[PlyCount "130"]
[EventDate "2024.08.01"]
[EventType "swiss"]
[EventCountry "TUR"]
[SourceTitle "playchess.com"]
[Source "ChessBase"]
[SourceQuality "1"]
[TimeControl "5400+30"]

1. e4 c5 2. Nf3 d6 3. d4 cxd4 4. Nxd4 Nf6 5. Nc3 a6 6. Be3 e5 7. Nb3 Be7 8. f3 Be6 9. Qd2 Nbd7 10. O-O-O h5 11. Nd5 Nxd5 12. exd5 Bf5 13. Bd3 Bxd3 14. Qxd3 Bg5 15. Rhe1 O-O 16. Qf5 Bxe3+ 17. Rxe3 g6 18. Qd3 a5 19. Nd2 Nc5 20. Qe2 f5 21. g4 f4 22. Rc3 hxg4 23. Qg2 Qd7 24. Rg1 Kg7 25. Qxg4 Qxg4 26. Rxg4 Rf7 27. Nc4 Rd8 28. Nxe5 dxe5 29. Rxc5 Rfd7 30. c4 Kf6 31. Rxa5 Rh8 32. h4 Rdh7 33. Rb5 Rxh4 34. Rb6+ Kf5 35. Rgxg6 e4 36. Rbf6+ Ke5 37. Re6+ Kd4 38. Rxe4+ Kd3 39. Rg1 Rh1 40. Rd1+ Rxd1+ 41. Kxd1 Rh1+ 42. Re1 Rh2 43. Kc1 Rc2+ 44. Kb1 Rxc4 45. Rc1 Ra4 46. d6 Kd2 47. b3 Ra6 48. Rc4 Ke3 49. Rc3+ Ke2 50. d7 Rd6 51. Rc7 b5 52. Rb7 Kxf3 53. Rxb5 Ke4 54. Rb4+ Ke3 55. Rb6 Rxd7 56. Re6+ Kd2 57. Rf6 Ke3 58. a4 f3 59. Kb2 f2 60. b4 Rd2+ 61. Kc3 Rd3+ 62. Kc2 Rd2+ 63. Kc3 Rd3+ 64. Kc2 Rd2+ 65. Kc3 Rd3+ 1/2-1/2

[Event "Turkish Cup 2024"]
[Site "Denizli"]
[Date "2024.08.04"]
[Round "9"]
[White "Gunduz, Umut Erdem"]
[Black "Kavri, Yusuf Eren"]
[Result "1-0"]
[ECO "B66"]
[WhiteElo "2276"]
[BlackElo "2090"]
[Annotator "RC"]
[PlyCount "73"]
[EventDate "2024.08.01"]
[EventType "swiss"]
[EventCountry "TUR"]
[SourceTitle "playchess.com"]
[Source "ChessBase"]
[SourceQuality "1"]
[TimeControl "5400+30"]

1. e4 c5 2. Nf3 Nc6 3. d4 cxd4 4. Nxd4 Nf6 5. Nc3 d6 6. Bg5 e6 7. Qd2 a6 8. Nxc6 bxc6 9. O-O-O Be7 10. Bxf6 gxf6 11. Bc4 Qa5 12. f4 d5 13. Bb3 Bb7 14. exd5 O-O-O 15. Qe1 Bd6 16. dxe6 Bxf4+ 17. Kb1 Rxd1+ 18. Qxd1 fxe6 19. Qg4 Be5 20. Qxe6+ Kb8 21. Ne4 Rf8 22. Qe7 Qd8 23. Qb4 a5 24. Qc5 Re8 25. c3 Bxh2 26. Bc2 Be5 27. Rxh7 Rh8 28. Rxh8 Qxh8 29. Qg1 Qh5 30. a4 Qg4 31. Qf2 Qe6 32. Qb6 Qe7 33. Nc5 Bg3 34. Bd3 Bd6 35. Nxb7 Qe1+ 36. Kc2 Bc7 37. Qxc6 1-0

[Event "Turkish Cup 2024"]
[Site "Denizli"]
[Date "2024.08.04"]
[Round "9"]
[White "Maruflu, Enes Yusuf"]
[Black "Tirpan, Ceren"]
[Result "1-0"]
[ECO "B41"]
[WhiteElo "2228"]
[BlackElo "1926"]
[Annotator "RC"]
[PlyCount "115"]
[EventDate "2024.08.01"]
[EventType "swiss"]
[EventCountry "TUR"]
[SourceTitle "playchess.com"]
[Source "ChessBase"]
[SourceQuality "1"]
[TimeControl "5400+30"]

1. e4 c5 2. Nf3 e6 3. d4 cxd4 4. Nxd4 a6 5. c4 Nf6 6. Nc3 Bb4 7. Qd3 Nc6 8. Nc2 d5 9. exd5 exd5 10. cxd5 Nxd5 11. Bd2 Nxc3 12. Qxd8+ Kxd8 13. bxc3 Re8+ 14. Be2 Bc5 15. Ne3 Be6 16. O-O Kc7 17. Nc4 Rad8 18. Bf4+ Kc8 19. Ne3 Bd6 20. Bxd6 Rxd6 21. a4 g6 22. Rab1 Red8 23. Bf3 R8d7 24. Rb6 Na5 25. Rb4 Nc6 26. Rb6 Na5 27. Rb4 Nc6 28. Nc4 Nxb4 29. Nxd6+ Rxd6 30. cxb4 Bd7 31. Rc1+ Kb8 32. a5 Rd4 33. Rd1 Rxd1+ 34. Bxd1 Kc7 35. Kf1 b6 36. Ke1 bxa5 37. bxa5 Kd6 38. Be2 Bc8 39. Kd2 Kc5 40. Kc3 f6 41. Bd3 Bb7 42. g3 Bc8 43. h4 Bb7 44. g4 Bc8 45. g5 f5 46. Bc4 f4 47. Bg8 Bg4 48. Bxh7 Bh5 49. Kd3 Kb4 50. Ke4 Kxa5 51. Kxf4 Kb4 52. Ke5 a5 53. f4 a4 54. f5 a3 55. Bg8 gxf5 56. Kxf5 Bd1 57. g6 Bc2+ 58. Kf6 1-0

[Event "Turkish Cup 2024"]
[Site "Denizli"]
[Date "2024.08.04"]
[Round "9"]
[White "Ozdemir, Serhan Berat"]
[Black "Saricam, Ege"]
[Result "1/2-1/2"]
[ECO "C08"]
[WhiteElo "2194"]
[BlackElo "1794"]
[Annotator "RC"]
[PlyCount "86"]
[EventDate "2024.08.01"]
[EventType "swiss"]
[EventCountry "TUR"]
[SourceTitle "playchess.com"]
[Source "ChessBase"]
[SourceQuality "1"]
[TimeControl "5400+30"]

1. e4 c5 2. Nf3 e6 3. c3 d5 4. exd5 exd5 5. d4 Nf6 6. Bb5+ Nc6 7. O-O Be7 8. dxc5 Bxc5 9. Nbd2 O-O 10. Nb3 Bd6 11. Nbd4 Bd7 12. Be2 a6 13. Be3 Ne4 14. Qb3 Nxd4 15. Bxd4 Bc6 16. Rad1 Qd7 17. Qc2 Rfe8 18. Bd3 Rac8 19. Rfe1 Qc7 20. h3 h6 21. Nd2 Bh2+ 22. Kh1 Nxd2 23. Qxd2 Bf4 24. Qc2 Rxe1+ 25. Rxe1 Re8 26. Rxe8+ Bxe8 27. Qe2 Bd7 28. b4 Be6 29. a4 Bd6 30. Qe3 Bd7 31. Bb6 Qc8 32. a5 Bf5 33. Be2 Qe6 34. Bf3 Qxe3 35. fxe3 Be4 36. Kg1 f5 37. Bd4 Kf7 38. Kf2 Bxf3 39. Kxf3 g5 40. g4 Kg6 41. Ke2 h5 42. Kf3 fxg4+ 43. hxg4 h4 1/2-1/2

[Event "Turkish Cup 2024"]
[Site "Denizli"]
[Date "2024.08.04"]
[Round "9"]
[White "Topuz, Mirac Melih"]
[Black "Cetindag, Alper"]
[Result "1-0"]
[ECO "E10"]
[WhiteElo "2148"]
[BlackElo "1923"]
[Annotator "RC"]
[PlyCount "115"]
[EventDate "2024.08.01"]
[EventType "swiss"]
[EventCountry "TUR"]
[SourceTitle "playchess.com"]
[Source "ChessBase"]
[SourceQuality "1"]
[TimeControl "5400+30"]

1. d4 Nf6 2. c4 c5 3. d5 e6 4. Nf3 d6 5. dxe6 Bxe6 6. Nc3 Bxc4 7. Qa4+ b5 8. Nxb5 Bxb5 9. Qxb5+ Nbd7 10. g3 Be7 11. Bg2 O-O 12. O-O Rb8 13. Qd3 Qc7 14. Qc2 Rfc8 15. Bf4 Nd5 16. Bg5 Bf6 17. Bxf6 N7xf6 18. Rfd1 Qb6 19. Nh4 Ne7 20. Rd2 d5 21. Rad1 Qe6 22. Rd3 d4 23. Ra3 Qb6 24. Rb3 Qa5 25. Bh3 Rd8 26. a3 Rxb3 27. Qxb3 Qa6 28. Qc2 c4 29. Nf3 Nc6 30. Rc1 Na5 31. Nd2 d3 32. exd3 cxd3 33. Qc7 Qb6 34. Qxb6 axb6 35. Rc8 Rxc8 36. Bxc8 Nc6 37. Bf5 b5 38. Bxd3 b4 39. a4 Ng4 40. Nc4 Kf8 41. Be4 Na7 42. Na5 Ne5 43. f4 Nd7 44. Nc6 Nxc6 45. Bxc6 Nb6 46. Kf2 Ke7 47. a5 Nc8 48. Ke3 Kd6 49. Bb7 Ne7 50. Kd4 Nf5+ 51. Kc4 Kc7 52. Bf3 b3 53. Kd3 Kb8 54. Bd5 Nd6 55. Bxb3 Ka7 56. Bc4 h5 57. b4 h4 58. gxh4 1-0

[Event "Turkish Cup 2024"]
[Site "Denizli"]
[Date "2024.08.04"]
[Round "9"]
[White "Uysal, Ugur"]
[Black "Cakir, Ege"]
[Result "1-0"]
[ECO "A41"]
[WhiteElo "2114"]
[BlackElo "1889"]
[Annotator "RC"]
[PlyCount "105"]
[EventDate "2024.08.01"]
[EventType "swiss"]
[EventCountry "TUR"]
[SourceTitle "playchess.com"]
[Source "ChessBase"]
[SourceQuality "1"]
[TimeControl "5400+30"]

1. Nf3 g6 2. d4 Bg7 3. c4 d6 4. g3 Nd7 5. Bg2 e5 6. dxe5 dxe5 7. O-O Ne7 8. Nc3 O-O 9. Qc2 Nf5 10. Rd1 c6 11. e3 Re8 12. Bh3 Qe7 13. Bxf5 gxf5 14. Nh4 Nb6 15. b3 e4 16. Bb2 Be6 17. Ne2 Bf6 18. Nf4 Nd7 19. Nh5 Be5 20. f4 exf3 21. Nxf3 f6 22. Nd4 Bxd4 23. exd4 Bf7 24. Nf4 Qe3+ 25. Qf2 Qxf2+ 26. Kxf2 Re4 27. Re1 Rae8 28. Rxe4 fxe4 29. Ke3 Nb6 30. Bc3 Nd7 31. h3 f5 32. g4 fxg4 33. hxg4 b5 34. cxb5 Nf6 35. bxc6 Rc8 36. Bd2 Rxc6 37. g5 Nd5+ 38. Kxe4 Nxf4 39. Bxf4 Re6+ 40. Be5 Rg6 41. Bf6 h6 42. Rh1 h5 43. Ke5 Kf8 44. d5 Be8 45. Rc1 Bd7 46. Rc7 Ke8 47. Kd6 Bf5 48. Rxa7 h4 49. Ra8+ Kf7 50. Rh8 h3 51. Kc7 Rg8 52. Rxg8 Kxg8 53. Be5 1-0